 Dungeon Crawl Stone Soup version 0.30-a0-627-gc11e7ae810 (webtiles) character file.

Game seed: 17992903687865693904

1008 Citaku the Covered (level 8, -1/70 HPs)
             Began as a Minotaur Fighter on Jan 12, 2023.
             Was an Initiate of Gozag.
             Killed from afar by an acid dragon (17 damage)
             ... with a splash of acid
             ... on level 6 of the Dungeon.
             The game lasted 00:06:56 (4971 turns).

Citaku the Covered (Minotaur Fighter)               Turns: 4971, Time: 00:06:58

Health: -1/70      AC:  3    Str: 28    XL:     8   Next: 1%
Magic:  7/7        EV:  9    Int: 15    God:    Gozag
Gold:   224        SH:  9    Dex: 10    Spells: 7/7 levels left

rFire   . . .      SeeInvis .    p - +5 short sword "Geafial" {spect, Will- Str+5 Int+6}
rCold   + + .      Faith    .    c - +0 buckler
rNeg    . . .      Spirit   .    b - +0 scale mail
rPois   +          Reflect  +    (helmet restricted)
rElec   .          Harm     .    t - +1 cloak {rPois}
rCorr   .          Rampage  .    (no gloves)
Will    .....                    i - +0 pair of boots Stlth
                                 z - amulet of reflection
HPRegen 0.31/turn                n - ring of Arrival {rC+ Will+ Int+4}
MPRegen 0.10/turn                d - ring of protection from cold

@: corroded, gold aura
A: horns 2, retaliatory headbutt
a: Renounce Religion, Potion Petition, Call Merchant, Bribe Branch


You were on level 6 of the Dungeon.
You worshipped Gozag.
Gozag was aware of your devotion.
You visited 2 branches of the dungeon, and saw 7 of its levels.

You collected 314 gold pieces.
You paid 90 gold pieces to Gozag.

Inventory:

Hand Weapons
 p - the +5 short sword "Geafial" (weapon) {spect, Will- Str+5 Int+6}
   (You found it on level 2 of the Dungeon)

   Str:       It affects your strength (+5).
   Int:       It affects your intelligence (+6).
   Will:      It decreases your willpower.
Armour
 b - a +0 scale mail (worn)
 c - a +0 buckler (worn)
 i - a +0 pair of boots (worn)
 t - a +1 cloak of poison resistance (worn)
Jewellery
 d - a ring of protection from cold (right hand)
 n - the ring of Arrival (left hand) {rC+ Will+ Int+4}
   (You found it on level 2 of the Dungeon)

   [ring of protection from cold]

   Int:       It affects your intelligence (+4).
   rC:        It protects you from cold.
   Will:      It increases your willpower.
 z - an amulet of reflection (around neck)
Wands
 y - a wand of paralysis (2)
Scrolls
 a - a scroll of vulnerability {unknown}
 e - 8 scrolls of identify {unknown}
 f - a scroll of noise {unknown}
 g - 5 scrolls of fear {unknown}
 h - a scroll of fog {unknown}
 m - 2 scrolls of enchant armour {unknown}
 o - 3 scrolls of teleportation {unknown}
 s - 2 scrolls of immolation
 v - a scroll of poison {unknown}
Potions
 j - 4 potions of heal wounds
 k - 3 potions of curing {unknown}
 l - 3 potions of lignification {unknown}
 q - a potion of brilliance {unknown}
 r - a potion of ambrosia {unknown}
 u - a potion of resistance {unknown}
 w - a potion of might
 x - a potion of haste {unknown}


   Skills:
 + Level 6.1 Fighting
 * Level 7.4 Axes
 * Level 7.9 Armour
 - Level 3.6 Shields


You had 7 spell levels left.
You didn't know any spells.
Your spell library contained the following spells:

 Spells                   Type           Power      Damage    Failure   Level
 Freeze                   Ice            0%         1d3       56%         1
 Magic Dart               Conj           0%         1d3       56%         1
 Call Imp                 Summ           0%         N/A       71%         2
 Frozen Ramparts          Ice            0%         1d1       91%         3
 Gell's Gravitas          Tloc           0%         N/A       91%         3
 Hailstorm                Conj/Ice       0%         3d3       91%         3
 Lesser Beckoning         Tloc           0%         N/A       91%         3
 Mephitic Cloud           Conj/Pois/Air  0%         N/A       91%         3
 Teleport Other           Tloc           0%         N/A       91%         3
 Dispersal                Tloc           0%         N/A       100%        6


Dungeon Overview and Level Annotations

Branches:
Dungeon (6/15)             Temple (1/1) D:5

Altars:
Ashenzari
Cheibriados
Gozag
Hepliaklqana
Kikubaaqudgha
Makhleb
Nemelex Xobeh
Okawaru
Qazlal
Sif Muna
Trog
Uskayaw
Vehumet
Wu Jian
Xom
Yredelemnul
Zin
The Shining One


Innate Abilities, Weirdness & Mutations

You have a pair of horns on your head.
You reflexively headbutt those who attack you in melee.


Message History

The acid dragon spits acid at you. The splash of acid hits you.
The acid corrodes you! The iguana barely misses you.
You hear a shout!
There is a stone staircase leading up here.
You hit the iguana but do no damage.
Your +5 short sword "Geafial" {spect, Will- Str+5 Int+6} hits the iguana!
You block the iguana's attack.
You closely miss the iguana. You headbutt the iguana!
You kill the iguana!
You have reached level 8!
You feel stronger. The shadow imp hits you.
You hit the acid dragon but do no damage.
You headbutt the acid dragon.
The acid dragon is lightly wounded.
Your +5 short sword "Geafial" {spect, Will- Str+5 Int+6} hits the acid dragon.
The acid dragon bites you.
The acid dragon claws you but does no damage.
You block the shadow imp's attack.
You closely miss the acid dragon.
The acid dragon is lightly wounded.
Your +5 short sword "Geafial" {spect, Will- Str+5 Int+6} misses the acid dragon.
The acid dragon spits acid at you. The splash of acid hits you!!
The acid corrodes you! The shadow imp hits you.
An orc comes into view. It is wielding a +0 hand axe.
You hear a shout! x2
You hit the acid dragon but do no damage.
The acid dragon is lightly wounded.
Your +5 short sword "Geafial" {spect, Will- Str+5 Int+6} hits the acid dragon!
The acid dragon bites you!
* * * LOW HITPOINT WARNING * * *
You block the acid dragon's attack. You block the shadow imp's attack.
You barely miss the acid dragon.
The acid dragon is heavily wounded.
Your +5 short sword "Geafial" {spect, Will- Str+5 Int+6} barely misses the acid dragon.
The acid dragon spits acid at you. The splash of acid hits you!
You die...
Your body crumbles into a pile of gold.

##########
.........####
............#
...).|......#
............#
####.......?#
.......<$...#
..........###
......D@..#
.....$(5..#
..........#
###.......#
#........
...........
...o.........
..............


You could see an acid dragon (catching breath), a shadow imp, an orc and a
friendly +5 short sword "Geafial" {spect, Will- Str+5 Int+6} (summoned).

Vanquished Creatures
  Eustachio (D:4)
  An ogre (D:5)
  The ghost of bosakos the Shooter, an amateur MiHu (D:4)
  A centaur (D:5)
  A scorpion (D:5)
  2 howler monkeys (D:5)
  An orc priest (D:4)
  2 jellies (D:5)
  Crazy Yiuf (D:3)
  A hound (D:5)
  Jessica (D:2)
  3 iguanas
  3 orc wizards
  6 adders
  A white imp (D:5)
  An ufetubus (D:4)
  A worm (D:2)
  A dart slug (D:5)
  5 orcs
  5 ball pythons
  12 endoplasms
  5 giant cockroaches
  6 goblins
  2 hobgoblins (D:1)
  10 jackals
  3 quokkas
  7 bats
  4 frilled lizards
  5 kobolds
  6 rats
99 creatures vanquished.

Notes
Turn   | Place    | Note
-------+----------+-------------------------------------------
     0 | D:1      | Citaku the Minotaur Fighter began the quest for the Orb.
     0 | D:1      | Reached XP level 1. HP: 19/19 MP: 0/0
   206 | D:1      | Reached XP level 2. HP: 27/27 MP: 1/1
   750 | D:1      | Reached XP level 3. HP: 33/33 MP: 2/2
  1228 | D:2      | Noticed Jessica
  1232 | D:2      | Killed Jessica
  1233 | D:2      | Reached XP level 4. HP: 39/40 MP: 3/3
  1324 | D:2      | Identified the +5 short sword "Geafial" {spect, Will- Str+5
                  | Int+6}
  1462 | D:2      | Identified the ring of Arrival {rC+ Will+ Int+4}
  1983 | D:3      | Reached skill level 5 in Armour
  2224 | D:3      | Found a runed translucent door.
  2225 | D:3      | Noticed Crazy Yiuf
  2232 | D:3      | Killed Crazy Yiuf
  2233 | D:3      | Reached XP level 5. HP: 40/47 MP: 0/4
  2404 | D:4      | Noticed Eustachio
  2417 | D:4      | Killed Eustachio
  2418 | D:4      | Reached skill level 5 in Axes
  2418 | D:4      | Reached XP level 6. HP: 39/55 MP: 5/5
  2504 | D:4      | Reached skill level 5 in Fighting
  2917 | D:4      | HP: 2/56 [orc/+0 short sword (2)]
  3123 | D:4      | Found a runed translucent door.
  3124 | D:4      | Noticed bosakos's ghost (amateur MiHu)
  3136 | D:4      | Killed bosakos's ghost
  3137 | D:4      | Reached XP level 7. HP: 48/61 MP: 6/6
  3245 | D:4      | Found an iron altar of Okawaru.
  3246 | D:4      | Found a shimmering altar of Xom.
  3618 | D:5      | Entered Level 5 of the Dungeon
  4411 | D:5      | Found a staircase to the Ecumenical Temple.
  4472 | Temple   | Entered the Ecumenical Temple
  4628 | D:5      | Found an opulent altar of Gozag.
  4667 | D:5      | Became a worshipper of Gozag Ym Sagoz the Greedy
  4966 | D:6      | Reached XP level 8. HP: 66/70 MP: 7/7
  4971 | D:6      | Killed from afar by an acid dragon

Illustrated notes

Levels and vault maps discovered:
D:1:      lemuel_arrival_rhombus, layout_loops_ring, nrook_mini_vaults,
          st_stairs_2, minmay_bisected
D:2:      layout_basic, hangedman_abyss_or_decor_lesser_grid, minivault_11,
          kennysheep_jessica_study
D:3:      layout_rooms, kennysheep_generic_room_11, uniq_crazy_yiuf_cottage
D:4:      layout_basic, gammafunk_temple_overflow_statue,
          ebering_ghost_inner_flame, uniq_eustachio
D:5:      layout_basic, kennysheep_little_box, minmay_temple_entry_nine_rooms
D:6:      layout_basic, minmay_ruined_shrine, uniq_sigmund
Temple:   regret_index_temple_waves

Skill      XL: |  1  2  3  4  5  6  7 |
---------------+----------------------+-----
Armour         | 4 5 6 7 |  7.9
Axes           | 3 4 5 6 7 |  7.4
Fighting       | 4 5 6 |  6.1
Shields        | |  3.6

Action                   |  1- 3 |  4- 6 |  7- 9 || total
-------------------------+-------+-------+-------++-------
Melee: War axe           |    50 |    15 |       ||    65
       Headbutt          |     5 |    19 |    10 ||    34
       Short sword       |       |    94 |    45 ||   139
  Use: Potion            |       |     2 |       ||     2
Armor: Scale mail        |    26 |    48 |    22 ||    96
Dodge: Dodged            |    37 |    37 |    30 ||   104
Block: Buckler           |    16 |    21 |    10 ||    47

Table legend: (Time is in decaauts)
 A = Elapsed time spent in this place.
 B = Non-inter-level travel time spent in this place.
 C = Inter-level travel time spent in this place.
 D = Time resting spent in this place.
 E = Time spent auto-exploring this place.
 F = Levels seen in this place.
 G = Mean time per level.
                   A        B        C        D        E       F      G
               +--------+--------+--------+--------+--------+-----+--------+
         Total |   4999 |   4803 |    196 |    182 |   3647 |   7 |  714.1 |
       Dungeon |   4859 |   4663 |    196 |    182 |   3547 |   6 |  809.8 |
        Temple |    139 |    139 |      0 |      0 |    100 |   1 |  139.0 |
               +--------+--------+--------+--------+--------+-----+--------+

Top non-repeatable levels by time:
     D:4: 1215 daAuts
     D:5: 1204 daAuts
     D:1: 929 daAuts
     D:2: 888 daAuts
     D:3: 610 daAuts
  Temple: 139 daAuts
     D:6: 10 daAuts
